 Dungeon Crawl Stone Soup version 0.16-a0-2989-gec99a28 (webtiles) character file.

17188 Ratboiler the Basher (level 12, 0/93 HPs)
             Began as a Green Draconian Wanderer on Dec 5, 2014.
             Was a High Priest of Okawaru.
             Slain by a spiny frog (24 damage)
             ... on level 4 of the Lair of Beasts on Dec 6, 2014.
             The game lasted 01:00:35 (19357 turns).

Ratboiler the Basher (Green Draconian Wanderer)    Turns: 19357, Time: 01:00:35

Health: 0/93       AC:  9    Str: 23    XL:     12   Next: 16%
Magic:  24/24      EV: 21    Int: 10    God:    Okawaru [*****.]
Gold:   629        SH:  0    Dex: 18    Spells: 5 memorised, 9 levels left

rFire  . . .     SeeInvis .     a - +5 mace of the Peculiar Places {crush, rElec MR+ Str+3}
rCold  . . .     Clarity  .     (armour unavailable)
rNeg   . . .     SustAb   .     (no shield)
rPois  +         Gourm    .     (helmet restricted)
rElec  +         Spirit   .     X - +0 cloak
rCorr  .         Warding  .     (no gloves)
rMut   .         Stasis   .     (no boots)
MR     +....                    T - amulet of regeneration
Stlth  ++........               Y - ring of teleport control
                                g - +5 ring of strength

@: short of breath, somewhat resistant to hostile enchantments, unstealthy
A: breathe noxious fumes, unfitting armour, claws 1, poison resistance,
cold-blooded, AC +8
a: Breathe Noxious Fumes, Heroism, Finesse, Renounce Religion, Evoke Teleport
Control


You were on level 4 of the Lair of Beasts.
You worshipped Okawaru.
Okawaru was extremely pleased with you.
You were hungry.

You visited 3 branches of the dungeon, and saw 15 of its levels.
You also visited: Labyrinth and Sewer.

You collected 794 gold pieces.
You spent 165 gold pieces at shops.

Inventory:

Hand weapons
 a - the +5 mace of the Peculiar Places (weapon) {crush, rElec MR+ Str+3}
   (You found it on level 9 of the Dungeon)

   It inflicts extra damage upon your enemies.
   It affects your strength (+3).
   It insulates you from electricity.
   It affects your resistance to hostile enchantments.
 b - a +0 blowgun
 w - a +3 great mace of protection
 Q - a +1 whip of freezing
Missiles
 u - 4 steel javelins (quivered)
 I - 37 poisoned needles
 U - 7 javelins of returning
Armour
 m - a +0 large shield
 X - a +0 cloak (worn)
Jewellery
 g - a +5 ring of strength (left claw)
 h - an uncursed ring of ice
 T - an amulet of regeneration (around neck)
 Y - a ring of teleport control (right claw)
Magical devices
 i - a wand of draining (9)
 k - a wand of digging (11)
 v - a wand of teleportation (4)
 x - a wand of disintegration (11)
 B - a wand of teleportation (5)
 C - a wand of magic darts (14)
 G - a wand of paralysis (1)
 H - a wand of hasting (3)
 L - a wand of paralysis (9)
 P - a wand of confusion (35)
 R - a wand of flame (17)
 V - a wand of paralysis (0)
 W - a wand of frost (27)
 Z - a wand of paralysis (12)
Scrolls
 l - 3 scrolls of magic mapping
 n - 7 scrolls of remove curse
 p - 2 scrolls of fog
 q - 3 scrolls of amnesia {unknown}
 r - 5 scrolls of blinking
 s - a scroll of recharging {unknown}
 t - 4 scrolls of enchant weapon {unknown}
 y - a scroll of vulnerability {unknown}
 A - 4 scrolls of teleportation
 F - 4 scrolls of enchant armour {unknown}
 K - a scroll of silence {unknown}
 M - a scroll of random uselessness {unknown}
 S - 2 scrolls of fear
Potions
 c - 6 potions of curing
 d - 4 potions of agility
 e - a potion of berserk rage
 j - 4 potions of heal wounds
 D - a potion of cancellation
 N - 2 potions of haste
Comestibles
 f - 11 bread rations
 o - 13 fruits
 z - 4 slices of pizza
 J - 3 meat rations


   Skills:
 * Level 4.8 Fighting
 - Level 12.0 Maces & Flails
 - Level 1.7 Throwing
 + Level 11.8 Dodging
 - Level 3.0 Spellcasting
   Level 1.0 Conjurations
 - Level 1.0 Necromancy
   Level 2.0 Fire Magic
   Level 1.0 Earth Magic
 - Level 1.4 Invocations
 - Level 8.5 Evocations


You had 9 spell levels left.
You knew the following spells:

 Your Spells              Type           Power        Failure   Level  Hunger
a - Animate Skeleton      Necr           N/A          21%         1    #......
b - Blink                 Tloc           N/A          47%         2    ###....
c - Repel Missiles        Chrm/Air       #.....       47%         2    ###....
d - Call Imp              Summ           #.......     47%         2    ###....
e - Apportation           Tloc           #.........   30%         1    #......


Dungeon Overview and Level Annotations

Branches:
Dungeon (10/15)            Temple (1/1) D:4            Lair (4/8) D:10
  Swamp: Lair:3-6    Shoals: Lair:3-6     Snake: Lair:3-6    Spider: Lair:3-6
    Orc: D:9-12

Altars:
Ashenzari
Cheibriados
Dithmenos
Elyvilon
Fedhas
Gozag
Kikubaaqudgha
Makhleb
Nemelex Xobeh
Okawaru
Qazlal
Ru
Sif Muna
Trog
Vehumet
Xom
Yredelemnul
Zin
The Shining One

Shops:
D:4 ?

Annotations:
D:10 1 exclusion


Innate Abilities, Weirdness & Mutations

You can breathe blasts of noxious fumes.
Your lurid green scales are hard (AC +8).
Your body does not fit into most forms of armour.
Your system is resistant to poisons.
Your cold-blooded metabolism reacts poorly to cold.
You have sharp fingernails.


Message History

The spiny frog is severely wounded.
The wolf closely misses you. The spiny frog stings you!
You hit the spiny frog.
Your tail-slap misses the spiny frog.
The spiny frog is severely wounded.
The wolf closely misses you. The spiny frog misses you.
The wolf barely misses you.
You hit the spiny frog.
The spiny frog is severely wounded.
The wolf bites you but does no damage.
The spiny frog stings you but does no damage.
A wolf comes into view.
You barely miss the spiny frog.
The spiny frog is severely wounded.
The spiny frog stings you!!
You barely miss the spiny frog.
The spiny frog is severely wounded.
The wolf bites you!
* * * LOW HITPOINT WARNING * * *
The wolf closely misses you. The spiny frog stings you!!
You die...

###..... ......
......... .#...... .
#.h.#..P ## #..
#..##..###### #P #..
#...##.P#.P.#.## #.
#..)
#.Fh#.....%....###.
#...##@h##..........###
#...†..##...P## .P..###
##..##........# #P...##
#.. #.......####...###
## #####P..........#.
###......>....
##...<......
##.P#...... ######....


You could see a spiny frog and 3 wolves.

Vanquished Creatures
  A minotaur (Lab)
  3 hydras
  A griffon (Lair:3)
  Joseph (D:10)
  A spiny frog (Lair:3)
  Psyche (D:10)
  2 trolls
  A basilisk (Lair:3)
  A wraith (D:10)
  22 yaks
  A hungry ghost (D:10)
  2 ogres
  3 hippogriffs
  10 wolves
  A porcupine (Lair:1)
  2 sky beasts
  3 water moccasins
  4 orc warriors
  4 crocodiles
  4 centaurs
  A black bear (Lair:2)
  Duvessa (D:5)
  A big kobold (D:9)
  A water moccasin zombie (D:8)
  10 giant frogs
  A scorpion (D:5)
  4 wights (D:9)
  3 electric eels (Lair:1)
  5 crimson imps
  A centaur zombie (D:7)
  Dowan (D:5)
  2 giant frog zombies
  7 orc priests
  10 hounds
  A quasit (D:6)
  A giant frog skeleton (D:9)
  9 iguanas
  5 jellies
  A gnoll shaman (D:10)
  19 orc wizards
  6 worker ants
  A porcupine skeleton (Lair:1)
  Jessica (D:2)
  A hound skeleton (D:9)
  Robin (D:4)
  9 gnolls
  33 river rats
  A shadow imp (D:8)
  21 adders
  A worm (D:4)
  11 giant mites
  15 giant geckos
  10 oozes
  58 orcs
  13 ball pythons
  20 bats
  A bat skeleton (D:7)
  13 giant cockroaches
  21 goblins
  12 hobgoblins
  5 jackals
  19 kobolds
  5 quokkas
  A ball python zombie (D:5)
  14 giant newts
  3 giant spores
  A jackal skeleton (D:4)
  17 rats
  12 ballistomycetes
  A fungus (D:10)
479 creatures vanquished.

Vanquished Creatures (collateral kills)
  Pikel (D:3)
  A spiny frog (Lair:1)
  A two-headed ogre (D:10)
  4 yaks (Lair:1)
  A deep elf mage (D:10)
  A wolf (Lair:1)
  A porcupine (Lair:1)
  3 giant frogs
  A hound (Lair:1)
  A centaur skeleton (D:10)
  An adder (D:3)
  A river rat (Lair:1)
  A worm (D:3)
  A giant newt (D:2)
  A kobold (D:2)
  A fungus (Lair:1)
21 creatures vanquished.

Vanquished Creatures (others)
  2 slaves (D:4)
  3 wolf skeletons (Lair:1)
  A hound (D:4)
  2 iron imps
  A porcupine skeleton (Lair:1)
  An orc wizard (D:8)
  A crocodile skeleton (Lair:1)
  2 giant spores
  An orc skeleton (D:10)
  2 river rat skeletons (Lair:1)
  2 fungi (D:10)
  A plant (Lair:1)
19 creatures vanquished.

Grand Total: 519 creatures vanquished

Notes
Turn   | Place    | Note
--------------------------------------------------------------
     0 | D:1      | Ratboiler, the Draconian Wanderer, began the quest for the Orb.
     0 | D:1      | Ratboiler set off with: a book of Minor Magic, the Reference Book on Flames, a scroll of teleportation, a +0 club, a bread ration
     0 | D:1      | Reached XP level 1. HP: 14/14 MP: 4/4
     0 | D:1      | Identified the Reference Book on Flames
    46 | D:1      | Reached skill level 1 in Maces & Flails
   437 | D:1      | Reached XP level 2. HP: 18/20 MP: 6/6
   456 | D:1      | Learned a level 2 spell: Call Imp
   459 | D:1      | Learned a level 2 spell: Blink
   462 | D:1      | Learned a level 2 spell: Repel Missiles
   940 | D:2      | Noticed Jessica
  1012 | D:2      | Killed Jessica
  1012 | D:2      | Reached XP level 3. HP: 18/26 MP: 1/7
  1493 | D:2      | Reached XP level 4. HP: 33/33 MP: 9/9
  2082 | D:3      | Found a glowing drain.
  2091 | Sewer    | Entered a sewer
  2094 | Sewer    | Reached skill level 4 in Maces & Flails
  3259 | Sewer    | Reached XP level 5. HP: 35/38 MP: 11/11
  3545 | Sewer    | Reached skill level 5 in Maces & Flails
  3675 | Sewer    | HP: 2/57 [giant mite (2)]
  4519 | Sewer    | Noticed a giant frog
  4519 | Sewer    | Noticed a giant frog
  4833 | Sewer    | Killed a giant frog
  4833 | Sewer    | Reached skill level 6 in Maces & Flails
  4833 | Sewer    | Reached XP level 6. HP: 35/45 MP: 8/12
  4843 | Sewer    | Killed a giant frog
  6363 | D:4      | Noticed Pikel
  6439 | D:3      | Killed Pikel
  6439 | D:3      | Reached skill level 8 in Maces & Flails
  6439 | D:3      | Your scales start taking on a lurid green colour.
  6439 | D:3      | Gained mutation: Your system is resistant to poisons. [draconian maturity]
  6439 | D:3      | Reached XP level 7. HP: 13/50 MP: 3/14
  6684 | D:4      | Noticed Robin
  6775 | D:4      | Killed Robin
  6957 | D:4      | Found Guitihur's Magic Scroll Shoppe.
  6972 | D:4      | Bought a scroll of remove curse for 30 gold pieces
  6972 | D:4      | Bought a scroll of identify for 20 gold pieces
  6972 | D:4      | Bought a scroll of teleportation for 30 gold pieces
  6972 | D:4      | Bought a scroll of blinking for 75 gold pieces
  6972 | D:4      | Bought a scroll of noise for 10 gold pieces
  7114 | D:4      | Found a staircase to the Ecumenical Temple.
  7123 | Temple   | Entered the Ecumenical Temple
  7224 | Temple   | Became a worshipper of Warmaster Okawaru
  7328 | D:4      | Reached skill level 9 in Maces & Flails
  7410 | D:4      | Reached XP level 8. HP: 44/57 MP: 16/16
  8097 | D:4      | Reached skill level 10 in Maces & Flails
  8180 | D:5      | Entered Level 5 of the Dungeon
  8713 | D:5      | Noticed Dowan
  8716 | D:5      | Noticed Duvessa
  8748 | D:5      | Killed Dowan
  8839 | D:5      | Acquired Okawaru's first power
  8865 | D:5      | Killed Duvessa
  8865 | D:5      | Reached skill level 11 in Maces & Flails
  9741 | D:6      | Reached XP level 9. HP: 55/62 MP: 17/17
 10097 | D:6      | Reached skill level 12 in Maces & Flails
 10103 | D:6      | Gained mutation: You have sharp fingernails. [potion of mutation]
 10103 | D:6      | Gained mutation: You are dopey. (Int -2) [potion of mutation]
 10103 | D:6      | Gained mutation: You are weak. (Str -2) [potion of mutation]
 10104 | D:6      | Lost mutation: You are weak. (Str -2) [potion of cure mutation]
 10104 | D:6      | Lost mutation: You are dopey. (Int -2) [potion of cure mutation]
 10146 | D:6      | Found a stormy altar of Qazlal.
 10353 | D:7      | Reached skill level 1 in Dodging
 12001 | D:7      | Reached skill level 5 in Dodging
 12257 | D:8      | Learned a level 1 spell: Animate Skeleton
 13018 | D:9      | Reached XP level 10. HP: 37/69 MP: 18/18
 13367 | D:9      | Got a translucent mace
 13368 | D:9      | Identified the +5 mace of the Peculiar Places {crush, rElec MR+ Str+3} (You found it on level 9 of the Dungeon)
 13781 | D:9      | Received a gift from Okawaru
 14087 | D:10     | Entered Level 10 of the Dungeon
 14252 | D:10     | Found a staircase to the Lair.
 14357 | D:10     | Noticed Joseph
 14358 | D:10     | Paralysed by Joseph for 5 turns
 14375 | D:10     | Paralysed by Joseph for 5 turns
 14381 | D:10     | Killed Joseph
 14534 | D:10     | Found a bloodstained altar of Trog.
 14850 | D:10     | Noticed Psyche
 14959 | D:9      | Reached skill level 10 in Dodging
 15021 | D:10     | Killed Psyche
 15135 | D:10     | Acquired Okawaru's second power
 15148 | D:10     | Reached XP level 11. HP: 74/74 MP: 20/20
 15433 | Lair:1   | Entered Level 1 of the Lair of Beasts
 15542 | Lair:1   | Found a labyrinth entrance.
 15557 | Lab      | Entered a labyrinth
 16026 | Lab      | Noticed a minotaur
 16036 | Lab      | Killed a minotaur
 16056 | Lab      | Identified the Incunabulum of Dislocated Execration (You found it in a labyrinth)
 16135 | Lair:1   | Noticed a four-headed hydra
 16160 | Lair:1   | Killed a four-headed hydra
 16160 | Lair:1   | Reached skill level 1 in Invocations
 16993 | Lair:1   | Received a gift from Okawaru
 16996 | Lair:1   | Reached skill level 5 in Evocations
 17123 | Lair:1   | Upgraded the game from 0.16-a0-2979-g562a0a4 to 0.16-a0-2989-gec99a28
 17579 | Lair:2   | Found a radiant altar of Vehumet.
 18143 | Lair:3   | Learned a level 1 spell: Apportation
 18266 | Lair:3   | Noticed an eight-headed hydra
 18492 | Lair:3   | Noticed an eight-headed hydra
 18504 | Lair:3   | Killed an eight-headed hydra
 18562 | Lair:3   | Reached skill level 1 in Fighting
 18777 | Lair:3   | Received a gift from Okawaru
 18777 | Lair:3   | Reached XP level 12. HP: 73/88 MP: 24/24
 18943 | Lair:3   | Killed an eight-headed hydra
 19357 | Lair:4   | Slain by a spiny frog

Action                   |  1- 3 |  4- 6 |  7- 9 | 10-12 || total
-------------------------+-------+-------+-------+-------++-------
Melee: Club              |   103 |   433 |       |       ||   536
       Whip              |       |       |   767 |    36 ||   803
       Mace              |       |       |       |   645 ||   645
 Fire: Hunting sling     |    14 |    33 |       |       ||    47
       Blowgun           |       |       |       |     2 ||     2
Throw: Javelin           |       |       |    11 |     5 ||    16
 Cast: Call Imp          |     2 |     6 |     1 |     1 ||    10
       Repel Missiles    |     1 |     1 |     1 |       ||     3
       Animate Skeleton  |       |       |       |    19 ||    19
Invok: Heroism           |       |       |       |     1 ||     1
 Abil: Breathe Noxious F |       |       |    36 |    23 ||    59
Evoke: Wand              |       |     5 |       |     6 ||    11
  Use: Scroll            |       |    10 |     6 |     5 ||    21
       Potion            |       |     4 |     3 |       ||     7
 Stab: Sleeping          |       |     3 |     1 |     4 ||     8
       Distracted        |       |     2 |       |     3 ||     5
       Confused          |       |     1 |    40 |    20 ||    61
       Paralysed         |       |       |       |    11 ||    11
  Eat: Chunk             |     2 |     9 |    21 |    21 ||    53
       Meat ration       |       |     1 |     1 |       ||     2
       Beef jerky        |       |     1 |       |       ||     1
       Pizza             |       |     1 |     1 |       ||     2
       Fruit             |       |       |     2 |     4 ||     6
       Royal jelly       |       |       |       |     2 ||     2
